 Dungeon Crawl Stone Soup version 0.25.0-9-g26727b657a (webtiles) character file.

Game seed: 5049288408839671727

207 Esekla the Ducker (level 5, -3/35 HPs)
             Began as an Octopode Skald on June 19, 2020.
             Slain by an orc priest
             ... wielding a +0 war axe
              (10 damage)
             ... on level 4 of the Dungeon.
             The game lasted 00:16:04 (2614 turns).

Esekla the Ducker (Octopode Skald)                  Turns: 2614, Time: 00:16:04

Health: -3/35      AC:  1    Str: 10    XL:     5   Next: 85%
Magic:  7/8        EV: 14    Int: 15    God:
Gold:   130        SH:  0    Dex: 13    Spells: 2/8 levels left

rFire    . . .     SeeInvis .   a - +0 falchion
rCold    + . .     Gourm    .   (no shield)
rNeg     . . .     Faith    .   (helmet restricted)
rPois    .         Spirit   .   h - amulet of regeneration
rElec    .         Reflect  .   o - ring of protection from cold
rCorr    .         Harm     .   (no ring)
MR       .....                  (no ring)
Stlth    +++.......             (no ring)
HPRegen  0.51/turn              (no ring)
MPRegen  0.11/turn              (no ring)
                                (no ring)
                                (no ring)

@: singing
A: almost no armour, stealthy swim, amphibious, 8 rings, constrict 8, camouflage
1, gelatinous body 1
a: no special abilities


You were on level 4 of the Dungeon.
You were not hungry.

You visited 1 branch of the dungeon, and saw 4 of its levels.

You collected 130 gold pieces.

Inventory:

Hand Weapons
 a - a +0 falchion (weapon)
 s - a +0 short sword
Missiles
 p - 4 curare-tipped darts (quivered)
Jewellery
 h - an amulet of regeneration (around mantle)
 o - a ring of protection from cold (left tentacle)
Scrolls
 b - a scroll of teleportation {unknown}
 d - a scroll of magic mapping {unknown}
 e - 2 scrolls of immolation {unknown}
 i - 3 scrolls of identify {unknown}
 k - 2 scrolls of noise {unknown}
 r - a scroll of remove curse {unknown}
 t - a scroll of blinking {unknown}
Potions
 f - a potion of berserk rage {unknown}
 g - 2 potions of curing {unknown}
 l - 2 potions of lignification {unknown}
 m - a potion of stabbing {unknown}
 n - a potion of heal wounds {unknown}
 q - 2 potions of resistance {unknown}
Comestibles
 c - 9 rations


   Skills:
 + Level 2.5 Fighting
 * Level 3.6 Long Blades
 * Level 3.7 Dodging
 + Level 2.0 Stealth
 + Level 2.3 Spellcasting
 - Level 3.0 Charms
 * Level 1.7 Translocations


You had 2 spell levels left.
You knew the following spells:

 Your Spells              Type           Power        Failure   Level  Hunger
a - Apportation           Tloc           #.....       11%         1    #......
b - Infusion              Chrm           ##..         6%          1    #......
g - Shroud of Golubria    Chrm/Tloc      #.....       12%         2    ###....
s - Song of Slaying       Chrm           ##......     10%         2    ###....

Your spell library contained the following spells:

 Spells                   Type           Power        Failure   Level  Hunger
 Animate Skeleton         Necr           N/A          22%         1    #......
 Corona                   Hex            #......      22%         1    #......
 Summon Small Mammal      Summ           #...         22%         1    #......
 Ozocubu's Armour         Chrm/Ice       #.......     34%         3    ###....
 Spectral Weapon          Hex/Chrm       #.......     34%         3    ###....


Dungeon Overview and Level Annotations

Branches:
Dungeon (4/15)
 Temple: D:4-7

Altars:
Okawaru


Innate Abilities, Weirdness & Mutations

You cannot wear most types of armour.
You are very stealthy in the water. (Stealth+)
You are amphibious.
You can wear up to eight rings at the same time.
You can use your tentacles to constrict eight enemies at once.
Your skin changes colour to match your surroundings (Stealth+).
Your rubbery body absorbs attacks. (AC +1, EV +1)


Message History

The orc priest calls down the wrath of Beogh upon you.
Beogh smites you!
* * * LOW HITPOINT WARNING * * *
The orc hits you.
* * * LOW HITPOINT WARNING * * *
Okay, then.
You hit the orc. Your grab misses the orc.
The orc is lightly wounded.
The orc misses you.
Okay, then.
Okay, then.
You hit the orc. Your grab misses the orc.
The orc is severely wounded.
The orc closely misses you.
You riposte.
You slash the orc!
You kill the orc!
You hit the orc priest. You grab the orc priest.
The orc priest is moderately wounded.
You constrict the orc priest.
The orc priest hits you with a +0 war axe!
You die...

###.(# ....#
#o..# #...#
#...#
######..o##
.........<#
##########.##
........@o..#
#############


You could see an orc priest.

Vanquished Creatures
  An orc priest (D:4)
  4 gnolls
  4 adders
  2 oozes
  2 dart slugs (D:2)
  A leopard gecko (D:1)
  6 orcs
  5 bats
  5 giant cockroaches
  13 goblins
  10 hobgoblins
  6 jackals
  4 kobolds
  2 quokkas (D:2)
  4 ball pythons
  3 frilled lizards
  7 rats
79 creatures vanquished.

Notes
Turn   | Place    | Note
-------+----------+-------------------------------------------
     0 | D:1      | Esekla the Octopode Skald began the quest for the Orb.
     0 | D:1      | Reached XP level 1. HP: 14/14 MP: 3/3
    55 | D:1      | Reached XP level 2. HP: 8/19 MP: 5/5
   467 | D:1      | Learned a level 2 spell: Shroud of Golubria
   470 | D:1      | Learned a level 2 spell: Song of Slaying
   563 | D:1      | Reached XP level 3. HP: 19/24 MP: 6/6
   567 | D:1      | Reached skill level 1 in Stealth
  1431 | D:2      | Reached XP level 4. HP: 23/30 MP: 7/7
  1762 | D:2      | Reached skill level 1 in Translocations
  1911 | D:2      | Learned a level 1 spell: Apportation
  1993 | D:2      | Found an iron altar of Okawaru.
  2278 | D:3      | Reached XP level 5. HP: 25/35 MP: 8/8
  2614 | D:4      | Slain by an orc priest

Illustrated notes

Levels and vault maps discovered:
D:1:      dpeg_arrival_arbitrary_c, layout_basic
D:2:      layout_basic, okawaru_altar_gauntlet_db
D:3:      layout_rooms
D:4:      layout_basic, first_ration, serial_shops, shop_statue,
          nicolae_ossuary_entry_plus, uniq_sigmund

Skill      XL: |  1  2  3  4  5 |
---------------+----------------+-----
Dodging        | 3 |  3.7
Stealth        | 1 2 |  2.0
Translocations | 1 |  1.7
Long Blades    | 3 |  3.6
Fighting       | |  2.5
Spellcasting   | |  2.3
Charms         | |  3.0

Action                   |  1- 3 |  4- 6 || total
-------------------------+-------+-------++-------
Melee: Falchion          |    69 |    86 ||   155
       Constrict         |    21 |    25 ||    46
       Tentacles         |     8 |    16 ||    24
       Short sword       |       |     1 ||     1
 Cast: Song of Slaying   |     1 |     3 ||     4
       Infusion          |     1 |       ||     1
       Shroud of Golubri |       |     7 ||     7
 Stab: Sleeping          |     6 |     5 ||    11
  Eat: Chunk             |     1 |     5 ||     6
Armor: Skin              |    11 |     3 ||    14
Dodge: Dodged            |    45 |    66 ||   111
       Rpst.: Falchion   |    18 |    16 ||    34
